[Event "ICC tourney 2316 (120 10)"]
[Site "Internet Chess Club"]
[Date "2021.01.17"]
[Round "4"]
[White "Gfprasanna"]
[Black "CoolBoy2020"]
[Result "0-1"]
[ICCResult "White resigns"]
[WhiteElo "2151"]
[BlackElo "2197"]
[Opening "Sicilian: Alapin's variation (2.c3)"]
[ECO "B22"]
[NIC "SI.47"]
[Time "16:16:37"]
[PlyCount "92"]
[TimeControl "7200+10"]

1. e4 c5 2. c3 Nf6 3. e5 Nd5 4. d4 cxd4 5. cxd4 Nc6 6. Nc3 Nxc3 7. bxc3 d6
8. exd6 Qxd6 9. Nf3 g6 10. Be2 Bg7 11. O-O O-O 12. Be3 Rd8 13. Qd2 b6 14.
Rfd1 Bb7 15. Rac1 Rac8 16. Bh6 Na5 17. Bxg7 Kxg7 18. Ne5 b5 19. Bf3 Bxf3
20. Nxf3 Nc4 21. Qe2 Rd7 22. h3 a6 23. Ng5 Rdc7 24. Ne4 Qc6 25. Nc5 Nd6 26.
Re1 Nb7 27. Nd3 Qd6 28. Qb2 Na5 29. Nc5 Nc4 30. Qe2 e5 31. Rcd1 exd4 32.
cxd4 Rd8 33. a4 Qc6 34. axb5 axb5 35. Qg4 Qd5 36. Qg3 Rc6 37. Qb3 Rb6 38.
Qa2 Ra8 39. Qe2 b4 40. Rd3 Ra3 41. Rb1 Rxd3 42. Qxd3 Nd6 43. Nb3 Ne4 44.
Ra1 Nc3 45. Nc5 Rd6 46. Ra7 Qxc5 { White resigns } 0-1

[Event "ICC tourney 2316 (120 10)"]
[Site "Internet Chess Club"]
[Date "2021.01.17"]
[Round "4"]
[White "Heliosis"]
[Black "greenninja"]
[Result "0-1"]
[ICCResult "White resigns"]
[WhiteElo "1913"]
[BlackElo "2025"]
[Opening "Sicilian: Canal-Sokolsky (Nimzovich-Rossolimo, Moscow) attack"]
[ECO "B51"]
[NIC "SI.01"]
[Time "16:16:53"]
[PlyCount "72"]
[TimeControl "7200+10"]

1. e4 c5 2. Nf3 d6 3. Bb5+ Nc6 4. O-O Bd7 5. Re1 Nf6 6. c3 a6 7. Bf1 Bg4 8.
d3 e6 9. h3 Bh5 10. Nbd2 Be7 11. g4 Bg6 12. Bg2 h5 13. g5 Nd7 14. h4 Qc7
15. Nf1 O-O 16. Ng3 d5 17. exd5 exd5 18. Be3 Bd6 19. Ne2 Rfe8 20. Qd2 Nde5
21. Nxe5 Nxe5 22. Nf4 Qd7 23. Qd1 Bf5 24. d4 cxd4 25. cxd4 Bg4 26. f3 Nxf3+
27. Bxf3 Bxf4 28. Bxg4 Bxe3+ 29. Rxe3 hxg4 30. Re5 Rxe5 31. dxe5 Qe6 32.
Qd4 Rc8 33. Rf1 Rc4 34. Qf2 g3 35. Qf3 Rxh4 36. Rd1 Qb6+ { White resigns }
0-1

[Event "ICC tourney 2316 (120 10)"]
[Site "Internet Chess Club"]
[Date "2021.01.17"]
[Round "4"]
[White "blueeagle405"]
[Black "aarushnaveen"]
[Result "1/2-1/2"]
[ICCResult "Game drawn because neither player has mating material"]
[WhiteElo "1998"]
[BlackElo "1977"]
[Opening "Grünfeld: Russian, Alekhine (Hungarian) variation"]
[ECO "D97"]
[NIC "GI.10"]
[Time "16:16:46"]
[PlyCount "125"]
[TimeControl "7200+10"]

1. d4 Nf6 2. c4 g6 3. Nc3 d5 4. Nf3 Bg7 5. Qb3 dxc4 6. Qxc4 O-O 7. e4 a6 8.
Be2 b5 9. Qb3 c5 10. dxc5 Bb7 11. Be3 Nxe4 12. Nxe4 Bxe4 13. O-O e6 14.
Rfd1 Bd5 15. Qc2 Qc7 16. a3 Rd8 17. b4 Bxa1 18. Rxa1 Nc6 19. h4 e5 20. Qc3
Be6 21. h5 f6 22. hxg6 hxg6 23. a4 bxa4 24. Rxa4 Qd7 25. Rxa6 Rxa6 26. Bxa6
Qd1+ 27. Ne1 Ne7 28. Kf1 Nd5 29. Qd3 Qxd3+ 30. Nxd3 Nxe3+ 31. fxe3 Kf7 32.
c6 Rd6 33. b5 Bc4 34. c7 Bxd3+ 35. Kf2 Bf5 36. e4 Be6 37. c8=Q Bxc8 38.
Bxc8 Rb6 39. Bd7 Rd6 40. Bc6 Ke7 41. Bd5 Kd7 42. Ke3 Kc7 43. Bf7 g5 44. Be8
Kb6 45. Kf3 Rd8 46. Bc6 Rd3+ 47. Kg4 Rd2 48. Kf5 Rxg2 49. Kxf6 g4 50. Kg5
Rg1 51. Kf5 Kc5 52. Kxe5 Rf1 53. Ke6 g3 54. e5 Rf2 55. Kd7 g2 56. Bxg2 Rxg2
57. e6 Rd2+ 58. Kc7 Re2 59. Kd7 Rd2+ 60. Kc7 Kxb5 61. e7 Re2 62. Kd7 Rxe7+
63. Kxe7 { Game drawn because neither player has mating material } 1/2-1/2

[Event "ICC tourney 2316 (120 10)"]
[Site "Internet Chess Club"]
[Date "2021.01.17"]
[Round "4"]
[White "dopolian"]
[Black "Ambuli123"]
[Result "1-0"]
[ICCResult "Black resigns"]
[WhiteElo "2267"]
[BlackElo "2159"]
[Opening "Sicilian, Szén, hedgehog variation"]
[ECO "B44"]
[NIC "SI.39"]
[Time "16:16:32"]
[PlyCount "73"]
[TimeControl "7200+10"]

1. e4 c5 2. Nf3 e6 3. d4 cxd4 4. Nxd4 Nc6 5. Nb5 d6 6. c4 Nf6 7. N1c3 a6 8.
Na3 Be7 9. Be2 O-O 10. O-O b6 11. Be3 Bb7 12. Qb3 Ne5 13. Bxb6 Qd7 14. f4
Ng6 15. Bd3 Rab8 16. Ba7 Bxe4 17. Bxb8 Bxd3 18. Rf3 Bf5 19. c5 d5 20. Qb6
Bxc5+ 21. Qxc5 Rxb8 22. b3 Rc8 23. Qd4 h5 24. Rc1 h4 25. h3 Qd6 26. Nc4 Qb4
27. a3 Qe7 28. Nd2 Qxa3 29. Rff1 Qc5 30. Ne2 Qxd4+ 31. Nxd4 Rxc1 32. Rxc1
Bd3 33. N2f3 Nxf4 34. Ng5 Ng6 35. Rc7 e5 36. Nc6 Bb5 37. Rc8+ { Black
resigns } 1-0

[Event "ICC tourney 2316 (120 10)"]
[Site "Internet Chess Club"]
[Date "2021.01.17"]
[Round "4"]
[White "chessrani"]
[Black "RogerZ"]
[Result "0-1"]
[ICCResult "White resigns"]
[WhiteElo "2007"]
[BlackElo "1930"]
[Opening "Sicilian: Taimanov variation"]
[ECO "B49"]
[NIC "SI.40"]
[Time "16:16:42"]
[PlyCount "134"]
[TimeControl "7200+10"]

1. e4 c5 2. Nf3 e6 3. d4 cxd4 4. Nxd4 Nc6 5. Nc3 Qc7 6. Be3 a6 7. Be2 Nf6
8. O-O Be7 9. f4 d6 10. f5 b5 11. fxe6 fxe6 12. Nxc6 Qxc6 13. e5 Ne4 14.
Bf3 d5 15. Bxe4 dxe4 16. Qg4 b4 17. Nxe4 Bb7 18. Ng5 h5 19. Qg3 h4 20. Qg4
O-O-O 21. Nxe6 Rd7 22. Nd4 Qe4 23. Qxe4 Bxe4 24. Nf5 Rh5 25. Nxe7+ Rxe7 26.
Bd4 Rg5 27. Rf2 Rd7 28. c3 bxc3 29. Bxc3 Rc7 30. Rd1 Rc6 31. Re1 Bd5 32. a3
Rcg6 33. Ree2 Kb7 34. Rd2 Kc6 35. b4 Rg4 36. Bd4 Kb5 37. Bc5 Be4 38. Rde2
Bd5 39. Be7 Ka4 40. Rd2 Be4 41. Kf1 Re6 42. Bd6 Reg6 43. Rfe2 Bc6 44. e6
Bb5 45. e7 Rxd6 46. Rxd6 Re4 47. Rd2 Rxe7 48. Kf2 Rxe2+ 49. Rxe2 Bxe2 50.
Kxe2 Kxa3 51. g3 hxg3 52. hxg3 Kxb4 53. Kd3 a5 54. Kc2 Kc4 55. g4 Kd4 56.
Kb3 Ke4 57. Ka4 Kf4 58. Kxa5 Kxg4 59. Kb4 Kf3 60. Kc3 g6 61. Kd2 g5 62. Ke1
g4 63. Kf1 Kg3 64. Kg1 Kh3 65. Kh1 g3 66. Kg1 g2 67. Kf2 Kh2 { White
resigns } 0-1

[Event "ICC tourney 2316 (120 10)"]
[Site "Internet Chess Club"]
[Date "2021.01.17"]
[Round "4"]
[White "albertyao"]
[Black "arsenicblast"]
[Result "1-0"]
[ICCResult "Black forfeits on time"]
[WhiteElo "1908"]
[BlackElo "1989"]
[Opening "Ruy Lopez: Wormald (Alapin) attack"]
[ECO "C77"]
[NIC "RL.12"]
[Time "16:16:35"]
[PlyCount "131"]
[TimeControl "7200+10"]

1. e4 e5 2. Nf3 Nc6 3. Bb5 a6 4. Ba4 Nf6 5. Qe2 b5 6. Bb3 Bc5 7. d3 d6 8.
c3 O-O 9. Bg5 Bb6 10. Nbd2 h6 11. Bh4 Be6 12. O-O Na5 13. Bc2 c5 14. Rfd1
Nc6 15. Nf1 Kh8 16. Ne3 Rg8 17. Nd2 g5 18. Bg3 h5 19. h4 Ng4 20. hxg5 Qxg5
21. Nf3 Qg6 22. a4 b4 23. Nh4 Qf6 24. Nef5 Ne7 25. d4 cxd4 26. cxd4 Bxd4
27. Nxd4 exd4 28. e5 dxe5 29. Qe4 Ng6 30. Nxg6+ fxg6 31. f3 Bf5 32. Qe2 Ne3
33. Bd3 Rae8 34. Rd2 g5 35. Bf2 Bxd3 36. Qxd3 g4 37. Bxe3 dxe3 38. Qxe3
gxf3 39. Rf1 e4 40. Rff2 h4 41. Kh2 h3 42. gxh3 Qg7 43. Rf1 Qg3+ 44. Kh1
Qg7 45. Rc1 Re6 46. Rc5 Rh6 47. Rh2 f2 48. Qxf2 e3 49. Qf1 Qb7+ 50. Rg2
Rxh3+ 51. Kg1 Rxg2+ 52. Qxg2 Qxg2+ 53. Kxg2 e2 54. Re5 Rh4 55. Rxe2 b3 56.
Re3 Rb4 57. Kf3 Kg7 58. Re4 Rb6 59. Ke3 Kf6 60. Kd3 Kf5 61. Rc4 Ke5 62. Kc3
Kd5 63. Rb4 Rc6+ 64. Kxb3 Kd6 65. Rh4 Kd7 66. Rc4 { Black forfeits on time
} 1-0

[Event "ICC tourney 2316 (120 10)"]
[Site "Internet Chess Club"]
[Date "2021.01.17"]
[Round "4"]
[White "creepycrawlies"]
[Black "shianen"]
[Result "1-0"]
[ICCResult "Black resigns"]
[WhiteElo "2187"]
[BlackElo "2201"]
[Opening "QGD: Cambridge Springs defense, Yugoslav variation"]
[ECO "D52"]
[NIC "QO.15"]
[Time "16:16:31"]
[PlyCount "117"]
[TimeControl "7200+10"]

1. d4 d5 2. c4 c6 3. Nf3 Nf6 4. Nc3 e6 5. Bg5 Nbd7 6. e3 Qa5 7. cxd5 Nxd5
8. Qd2 Bb4 9. Rc1 O-O 10. Bd3 Nxc3 11. bxc3 Bd6 12. O-O e5 13. Qc2 h6 14.
Bh4 Qc7 15. Bg3 exd4 16. cxd4 Bxg3 17. hxg3 Nf6 18. Bc4 Qe7 19. Ne5 Be6 20.
Rb1 Bd5 21. Qb3 b6 22. Rfc1 Rfc8 23. Bxd5 cxd5 24. Rc6 Rxc6 25. Nxc6 Qd7
26. Rc1 Re8 27. Ne5 Qf5 28. g4 Nxg4 29. Nxg4 Qxg4 30. Qxd5 Qe2 31. Qc4 Qd2
32. g3 Rd8 33. Qc7 Re8 34. Rc2 Qd1+ 35. Kg2 Re6 36. Rc1 Qg4 37. Qxa7 Qe4+
38. Kg1 Rf6 39. Qa6 Qf3 40. Qf1 h5 41. Qg2 Qe2 42. Qa8+ Kh7 43. Qe4+ g6 44.
Rc2 Qd1+ 45. Kg2 Re6 46. Qf3 Qxc2 47. Qxf7+ Kh6 48. Qxe6 h4 49. gxh4 Qe2
50. a4 Qd1 51. d5 Qxa4 52. e4 Qd4 53. d6 b5 54. d7 b4 55. h5 Kxh5 56. Qh3+
Kg5 57. Qe3+ Qxe3 58. fxe3 b3 59. d8=Q+ { Black resigns } 1-0

[Event "ICC tourney 2316 (120 10)"]
[Site "Internet Chess Club"]
[Date "2021.01.18"]
[Round "5"]
[White "analyst1"]
[Black "Assured"]
[Result "1/2-1/2"]
[ICCResult "Game drawn by mutual agreement"]
[WhiteElo "2466"]
[BlackElo "2552"]
[Opening "French: Tarrasch, open variation"]
[ECO "C07"]
[NIC "FR.18"]
[Time "11:02:35"]
[PlyCount "20"]
[TimeControl "7200+10"]

1. e4 e6 2. d4 d5 3. Nd2 c5 4. Ngf3 cxd4 5. exd5 Qxd5 6. Bc4 Qd7 7. O-O Nc6
8. Nb3 a6 9. Nbxd4 Nxd4 10. Nxd4 Qc7 { Game drawn by mutual agreement }
1/2-1/2

[Event "ICC tourney 2316 (120 10)"]
[Site "Internet Chess Club"]
[Date "2021.01.18"]
[Round "5"]
[White "mchessmaster"]
[Black "andrewjiang2"]
[Result "1-0"]
[ICCResult "Black resigns"]
[WhiteElo "1955"]
[BlackElo "1922"]
[Opening "Four knights: Ranken variation"]
[ECO "C48"]
[NIC "KP.03"]
[Time "11:03:20"]
[PlyCount "79"]
[TimeControl "7200+10"]

1. e4 e5 2. Nf3 Nc6 3. Nc3 Nf6 4. Bb5 a6 5. Bxc6 dxc6 6. Nxe5 Nxe4 7. Nxe4
Qd4 8. O-O Qxe5 9. Re1 Be7 10. d4 Qf5 11. Bg5 f6 12. Qh5+ Qg6 13. Qxg6+
hxg6 14. Bf4 Kd8 15. Nc5 Re8 16. Ne6+ Bxe6 17. Rxe6 Kd7 18. Rae1 Rac8 19.
c4 g5 20. Bg3 f5 21. f4 Bf6 22. Rxe8 Rxe8 23. Rxe8 Kxe8 24. fxg5 Bxd4+ 25.
Kf1 Bxb2 26. Bxc7 Kd7 27. Bf4 Ke6 28. Ke2 Be5 29. Ke3 c5 30. a4 b6 31. h4
g6 32. g3 Bd4+ 33. Kf3 Be5 34. g4 Bxf4 35. Kxf4 b5 36. axb5 axb5 37. cxb5
c4 38. gxf5+ gxf5 39. Ke3 f4+ 40. Kxf4 { Black resigns } 1-0

[Event "ICC tourney 2316 (120 10)"]
[Site "Internet Chess Club"]
[Date "2021.01.18"]
[Round "5"]
[White "sriramk"]
[Black "dopolian"]
[Result "1/2-1/2"]
[ICCResult "Game drawn by mutual agreement"]
[WhiteElo "2192"]
[BlackElo "2267"]
[Opening "Scotch game"]
[ECO "C45"]
[NIC "SO.04"]
[Time "11:02:27"]
[PlyCount "58"]
[TimeControl "7200+10"]

1. e4 e5 2. Nf3 Nc6 3. d4 exd4 4. Nxd4 Bb4+ 5. c3 Bc5 6. Be3 Bb6 7. Nf5
Bxe3 8. Nxe3 Nf6 9. f3 O-O 10. c4 d6 11. Be2 Nd7 12. O-O Nc5 13. Nc3 Kh8
14. Ncd5 a5 15. Qd2 f5 16. Nxf5 Bxf5 17. exf5 Rxf5 18. f4 Rf8 19. Rae1 Ne7
20. Bf3 Nxd5 21. Bxd5 Qf6 22. g3 Rae8 23. Rxe8 Rxe8 24. Re1 Rxe1+ 25. Qxe1
g6 26. Qe2 Kg7 27. Kg2 b6 28. b3 Kf8 29. Qg4 Qe7 { Game drawn by mutual
agreement } 1/2-1/2

[Event "ICC tourney 2316 (120 10)"]
[Site "Internet Chess Club"]
[Date "2021.01.18"]
[Round "5"]
[White "arsenicblast"]
[Black "Drachekokosnuss"]
[Result "1-0"]
[ICCResult "Black resigns"]
[WhiteElo "1989"]
[BlackElo "2100"]
[Opening "Two knights defense (Modern bishop's opening)"]
[ECO "C55"]
[NIC "IG.01"]
[Time "11:02:25"]
[PlyCount "33"]
[TimeControl "7200+10"]

1. e4 e5 2. Nf3 Nc6 3. Bc4 Nf6 4. d3 Be7 5. O-O O-O 6. Nbd2 d6 7. a4 Be6 8.
Re1 h6 9. c3 Qd7 10. Bb3 Rae8 11. d4 exd4 12. cxd4 d5 13. e5 Nh7 14. Nf1 f6
15. Ne3 f5 16. Bc2 f4 17. Qd3 { Black resigns } 1-0

[Event "ICC tourney 2316 (120 10)"]
[Site "Internet Chess Club"]
[Date "2021.01.18"]
[Round "5"]
[White "shianen"]
[Black "blueeagle405"]
[Result "1/2-1/2"]
[ICCResult "Game drawn by mutual agreement"]
[WhiteElo "2201"]
[BlackElo "1998"]
[Opening "Grünfeld: exchange, classical variation"]
[ECO "D86"]
[NIC "GI.05"]
[Time "11:02:25"]
[PlyCount "41"]
[TimeControl "7200+10"]

1. d4 Nf6 2. c4 g6 3. Nc3 d5 4. cxd5 Nxd5 5. e4 Nxc3 6. bxc3 Bg7 7. Bc4 c5
8. Ne2 Nc6 9. Be3 cxd4 10. cxd4 b5 11. Bd5 Bd7 12. O-O O-O 13. Rc1 Rc8 14.
Bxc6 Rxc6 15. Rxc6 Bxc6 16. Qc2 Qc8 17. d5 Bd7 18. Rc1 a5 19. Qxc8 Rxc8 20.
Rxc8+ Bxc8 21. Nd4 { Game drawn by mutual agreement } 1/2-1/2

[Event "ICC tourney 2316 (120 10)"]
[Site "Internet Chess Club"]
[Date "2021.01.18"]
[Round "5"]
[White "yqd123yqd456"]
[Black "AlexW2007"]
[Result "1-0"]
[ICCResult "Black resigns"]
[WhiteElo "2366"]
[BlackElo "2083"]
[Opening "Neo-Grünfeld, 6.O-O c6"]
[ECO "D78"]
[NIC "GI.02"]
[Time "11:02:32"]
[PlyCount "57"]
[TimeControl "7200+10"]

1. d4 Nf6 2. Nf3 g6 3. g3 Bg7 4. Bg2 O-O 5. c4 d5 6. O-O c6 7. Qb3 Qb6 8.
Nc3 dxc4 9. Qxc4 Be6 10. Qd3 Na6 11. e4 Rfd8 12. h3 Qb4 13. Rd1 Nd7 14. Qc2
Nb6 15. Bf4 Rac8 16. Rac1 h6 17. g4 Nc4 18. b3 Na3 19. Qd2 g5 20. Be5 Bxe5
21. Nxe5 Nb5 22. Nxb5 Qxb5 23. Qe3 f6 24. Nc4 Bxc4 25. bxc4 Qa4 26. e5 Re8
27. Qe4 Kg7 28. Qf5 Rcd8 29. Be4 { Black resigns } 1-0

[Event "ICC tourney 2316 (120 10)"]
[Site "Internet Chess Club"]
[Date "2021.01.18"]
[Round "5"]
[White "greenninja"]
[Black "PawnEatingZombi"]
[Result "1/2-1/2"]
[ICCResult "Game drawn by mutual agreement"]
[WhiteElo "2025"]
[BlackElo "2190"]
[Opening "Caro-Kann: two knights, 3...Bg4"]
[ECO "B11"]
[NIC "CK.01"]
[Time "11:03:01"]
[PlyCount "43"]
[TimeControl "7200+10"]

1. e4 c6 2. Nc3 d5 3. Nf3 Bg4 4. h3 Bh5 5. d4 e6 6. Be3 Nf6 7. Bd3 Bb4 8.
e5 Ne4 9. Bxe4 dxe4 10. g4 Bg6 11. Nd2 c5 12. dxc5 Nd7 13. Nc4 O-O 14. Qd2
Nxc5 15. O-O-O Qc7 16. a3 Bxc3 17. Qxc3 Nd7 18. Bd4 f6 19. Rhf1 Nxe5 20.
Nxe5 Qxc3 21. Bxc3 fxe5 22. Bxe5 { Game drawn by mutual agreement } 1/2-1/2

[Event "ICC tourney 2316 (120 10)"]
[Site "Internet Chess Club"]
[Date "2021.01.18"]
[Round "5"]
[White "BrodskyUTD"]
[Black "Yucheng"]
[Result "1-0"]
[ICCResult "Black resigns"]
[WhiteElo "2564"]
[BlackElo "1889"]
[Opening "Giuoco Piano"]
[ECO "C54"]
[NIC "IG.02"]
[Time "11:02:31"]
[PlyCount "59"]
[TimeControl "7200+10"]

1. e4 e5 2. Nf3 Nc6 3. Bc4 Bc5 4. c3 Nf6 5. d3 d6 6. O-O h6 7. Re1 O-O 8.
Nbd2 a6 9. a4 Ba7 10. h3 Ne7 11. Nf1 Ng6 12. Ng3 c6 13. Bb3 Re8 14. d4 Be6
15. Bc2 Bb8 16. Be3 d5 17. Nxe5 Nxe5 18. dxe5 Bxe5 19. f4 Bc7 20. e5 Nh7
21. Qh5 Bb6 22. a5 Bxe3+ 23. Rxe3 Qc7 24. f5 Bd7 25. Rae1 c5 26. f6 d4 27.
fxg7 Qc6 28. Bxh7+ Kxh7 29. Qxf7 Rg8 30. Nh5 { Black resigns } 1-0

[Event "ICC tourney 2316 (120 10)"]
[Site "Internet Chess Club"]
[Date "2021.01.18"]
[Round "5"]
[White "Chessking2008"]
[Black "ahu1015"]
[Result "1/2-1/2"]
[ICCResult "Game drawn by mutual agreement"]
[WhiteElo "2200"]
[BlackElo "1993"]
[Opening "Grünfeld: exchange variation"]
[ECO "D85"]
[NIC "GI.03"]
[Time "11:02:28"]
[PlyCount "100"]
[TimeControl "7200+10"]

1. d4 Nf6 2. c4 g6 3. Nc3 d5 4. cxd5 Nxd5 5. Bd2 Bg7 6. e4 Nxc3 7. Bxc3 O-O
8. Nf3 c5 9. d5 e6 10. Bxg7 Kxg7 11. Bc4 exd5 12. Bxd5 Qa5+ 13. Qd2 Qxd2+
14. Nxd2 Na6 15. O-O Nb4 16. Bc4 Rd8 17. Rad1 Be6 18. Bxe6 fxe6 19. a4 Rd3
20. Nf3 Rad8 21. Rc1 b6 22. Ng5 R8d6 23. e5 Rc6 24. f4 Rd4 25. Rfd1 Nd3 26.
Rc2 c4 27. g3 h6 28. Nf3 Rd5 29. Rdd2 Nb4 30. Rc1 Nd3 31. Rc3 Rcc5 32. Rdc2
Nb4 33. Rd2 Nd3 34. b3 cxb3 35. Rxb3 Nc1 36. Re3 Rxd2 37. Nxd2 Rc2 38. Nb3
Rc3 39. Rxc3 Ne2+ 40. Kf2 Nxc3 41. a5 g5 42. axb6 axb6 43. fxg5 hxg5 44.
Kf3 Nb5 45. Kg4 Kg6 46. Nd2 Nd4 47. h4 gxh4 48. gxh4 Nc6 49. Kf4 Kh5 50.
Nf3 b5 { Game drawn by mutual agreement } 1/2-1/2

[Event "ICC tourney 2316 (120 10)"]
[Site "Internet Chess Club"]
[Date "2021.01.18"]
[Round "5"]
[White "checkninja"]
[Black "AJM04"]
[Result "0-1"]
[ICCResult "White checkmated"]
[WhiteElo "2007"]
[BlackElo "2050"]
[Opening "Sicilian: Nimzovich-Rossolimo attack (with ...g6, without ...d6)"]
[ECO "B31"]
[NIC "SI.31"]
[Time "11:02:51"]
[PlyCount "114"]
[TimeControl "7200+10"]

1. e4 c5 2. Nf3 Nc6 3. Bb5 g6 4. Bxc6 dxc6 5. d3 Bg7 6. h3 Qc7 7. Nc3 e5 8.
Be3 b6 9. Qd2 Ne7 10. Bh6 O-O 11. a4 a5 12. O-O f6 13. Bxg7 Kxg7 14. Nh2 g5
15. Qe2 Be6 16. Ng4 Qd7 17. Ne3 Ng6 18. Qf3 Nh4 19. Qh5 Bxh3 20. Kh2 Be6
21. g3 Ng6 22. Kg2 h6 23. Rh1 Rh8 24. Qf3 h5 25. Nf5+ Bxf5 26. exf5 Ne7 27.
Rxh5 Rxh5 28. Qxh5 Rh8 29. Qf3 Qxf5 30. Qxf5 Nxf5 31. Ne2 g4 32. b3 Kg6 33.
Rb1 Kg5 34. c3 Rd8 35. Nc1 Ne7 36. b4 cxb4 37. cxb4 Rd4 38. bxa5 bxa5 39.
Rb7 Nd5 40. Nb3 Rxa4 41. Ra7 Nb4 42. Nc5 Ra2 43. Re7 Kf5 44. Kf1 Rc2 45.
Ne4 Nxd3 46. Nd6+ Kg6 47. Ne4 a4 48. Ra7 f5 49. Nd6 Rxf2+ 50. Kg1 Ra2 51.
Ra6 f4 52. gxf4 exf4 53. Rxc6 f3 54. Ne4+ Kf5 55. Ng3+ Kf4 56. Nf1 Rg2+ 57.
Kh1 Nf2# { White checkmated } 0-1

[Event "ICC tourney 2316 (120 10)"]
[Site "Internet Chess Club"]
[Date "2021.01.18"]
[Round "5"]
[White "lmperatorX"]
[Black "RogerZ"]
[Result "1/2-1/2"]
[ICCResult "Game drawn by mutual agreement"]
[WhiteElo "2118"]
[BlackElo "1930"]
[Opening "Giuoco Piano"]
[ECO "C54"]
[NIC "IG.02"]
[Time "11:02:31"]
[PlyCount "71"]
[TimeControl "7200+10"]

1. e4 e5 2. Nf3 Nc6 3. Bc4 Bc5 4. c3 Nf6 5. d3 d6 6. O-O Bb6 7. Nbd2 O-O 8.
h3 h6 9. Re1 Be6 10. Bxe6 fxe6 11. Nc4 Nh5 12. a4 a6 13. Nxb6 cxb6 14. d4
Nf4 15. dxe5 dxe5 16. Qxd8 Raxd8 17. Be3 Nxh3+ 18. Kh2 Nf4 19. Bxb6 Rd3 20.
Re3 Rxe3 21. Bxe3 Nd3 22. b4 Rc8 23. b5 Ne7 24. Ra3 Ng6 25. c4 Nc5 26. Bxc5
Rxc5 27. Nd2 Nf4 28. Re3 Rc8 29. g3 Rd8 30. Nb3 Nd3 31. Kg2 Nb2 32. Na5
axb5 33. axb5 Rd4 34. Nxb7 Nxc4 35. Rb3 Nb6 36. f3 { Game drawn by mutual
agreement } 1/2-1/2

[Event "ICC tourney 2316 (120 10)"]
[Site "Internet Chess Club"]
[Date "2021.01.18"]
[Round "5"]
[White "Adhvaith0406"]
[Black "ASharikov"]
[Result "0-1"]
[ICCResult "White resigns"]
[WhiteElo "2033"]
[BlackElo "2281"]
[Opening "French: exchange variation"]
[ECO "C01"]
[NIC "FR.01"]
[Time "11:03:01"]
[PlyCount "138"]
[TimeControl "7200+10"]

1. e4 e6 2. d4 d5 3. exd5 exd5 4. Nf3 Nf6 5. Bd3 Bd6 6. Qe2+ Qe7 7. Nc3
Qxe2+ 8. Kxe2 c6 9. Re1 O-O 10. Kf1 Nh5 11. h3 Nf4 12. Bxf4 Bxf4 13. Ne2
Bd6 14. Ng3 g6 15. Re2 a5 16. Rae1 Na6 17. c3 Nc7 18. Kg1 Ne6 19. Bc2 a4
20. Ne5 Kg7 21. Nd3 b6 22. Rf1 Ba6 23. Rd2 c5 24. dxc5 bxc5 25. Re1 c4 26.
Ne5 d4 27. Bxa4 d3 28. b3 Nc5 29. Bc6 Rac8 30. Bd5 Rfe8 31. Nf3 Bf4 32.
Rdd1 Rxe1+ 33. Nxe1 Rd8 34. bxc4 d2 35. Nf3 Na4 36. Ne2 Nb2 37. Rxd2 Bxd2
38. Nxd2 Rxd5 39. cxd5 Bxe2 40. f3 Nc4 41. Ne4 f5 42. Nc5 Nd6 43. Ne6+ Kf6
44. Nc7 Nb5 45. Na6 Nxc3 46. Nb4 Bc4 47. a3 Nxd5 48. Nc6 Nb6 49. Kf2 Bb3
50. Nd4 Ba4 51. Ne2 Ke5 52. g3 Nd5 53. Nc1 Kd4 54. Ne2+ Kd3 55. f4 Nc3 56.
Ng1 Ne4+ 57. Kg2 Bd1 58. a4 Bxa4 59. g4 Ke3 60. gxf5 gxf5 61. Nf3 Kxf4 62.
Nd4 Bd7 63. Ne2+ Ke3 64. Nc1 Be6 65. h4 f4 66. h5 h6 67. Kf1 f3 68. Ne2
Bh3+ 69. Ke1 f2+ { White resigns } 0-1

[Event "ICC tourney 2316 (120 10)"]
[Site "Internet Chess Club"]
[Date "2021.01.18"]
[Round "5"]
[White "aarushnaveen"]
[Black "Gfprasanna"]
[Result "1/2-1/2"]
[ICCResult "Game drawn by mutual agreement"]
[WhiteElo "1977"]
[BlackElo "2151"]
[Opening "Giuoco Piano"]
[ECO "C54"]
[NIC "IG.02"]
[Time "11:02:35"]
[PlyCount "120"]
[TimeControl "7200+10"]

1. e4 e5 2. Nf3 Nc6 3. Bc4 Bc5 4. c3 Nf6 5. d3 d6 6. O-O h6 7. Nbd2 Bb6 8.
Re1 O-O 9. Nf1 Be6 10. Bxe6 fxe6 11. Ng3 Qe8 12. Be3 Rd8 13. d4 exd4 14.
cxd4 e5 15. d5 Ne7 16. Rc1 Rc8 17. b4 Qf7 18. a4 Rfd8 19. Bxb6 axb6 20. a5
bxa5 21. bxa5 c6 22. dxc6 Nxc6 23. Qd2 Ra8 24. Ra1 d5 25. exd5 Rxd5 26. Qb2
Rdxa5 27. Rxa5 Rxa5 28. Nxe5 Nxe5 29. Rxe5 Rxe5 30. Qxe5 Qd7 31. h3 b5 32.
Nf5 Kh7 33. Nd4 b4 34. Qe3 Qd5 35. Qd3+ Kh8 36. Qd2 Qd6 37. Nb3 Qxd2 38.
Nxd2 Kg8 39. Kf1 Kf7 40. Ke2 Ke6 41. Kd3 Kd5 42. Nc4 Kc5 43. Nb2 Kd5 44.
Nc4 g6 45. Nb6+ Kc5 46. Na4+ Kb5 47. Nb2 Kc5 48. Na4+ Kb5 49. Nb2 Nd5 50.
Kd4 Nf4 51. g3 Nxh3 52. f4 Nf2 53. Ke5 Ng4+ 54. Ke6 Ne3 55. Kf6 g5 56. fxg5
hxg5 57. Kxg5 Nf1 58. g4 Ne3 59. Kh5 Nxg4 60. Kxg4 Kc5 { Game drawn by
mutual agreement } 1/2-1/2

[Event "ICC tourney 2316 (120 10)"]
[Site "Internet Chess Club"]
[Date "2021.01.18"]
[Round "5"]
[White "Ambuli123"]
[Black "albertyao"]
[Result "1-0"]
[ICCResult "Black resigns"]
[WhiteElo "2159"]
[BlackElo "1908"]
[Opening "King's Indian: 5.Nf3"]
[ECO "E90"]
[NIC "KI.20"]
[Time "11:02:31"]
[PlyCount "81"]
[TimeControl "7200+10"]

1. d4 Nf6 2. c4 g6 3. Nc3 Bg7 4. e4 d6 5. Nf3 O-O 6. h3 a5 7. Be3 e5 8. d5
Na6 9. g4 Bd7 10. Be2 Nc5 11. Nd2 Ne8 12. Nb3 b6 13. Qd2 Qe7 14. h4 f5 15.
gxf5 gxf5 16. exf5 Bxf5 17. Nxc5 bxc5 18. O-O-O Kh8 19. h5 a4 20. a3 Rb8
21. Bh6 Nf6 22. Bxg7+ Qxg7 23. Rhg1 Qd7 24. Rg3 Rg8 25. Rdg1 Rxg3 26. Rxg3
Rg8 27. Rxg8+ Kxg8 28. Qg5+ Kf7 29. Bd1 Ne4 30. Nxe4 Bxe4 31. Bg4 Qe7 32.
Be6+ Ke8 33. Qg8+ Qf8 34. Bd7+ Ke7 35. Qxf8+ Kxf8 36. Bxa4 Ke7 37. Bc2 Bf3
38. h6 Kf6 39. Bxh7 Kg5 40. Bf5 Kxh6 41. Bd7 { Black resigns } 1-0

[Event "ICC tourney 2316 (120 10)"]
[Site "Internet Chess Club"]
[Date "2021.01.18"]
[Round "5"]
[White "yanzhe"]
[Black "SuperWJ"]
[Result "1-0"]
[ICCResult "Black resigns"]
[WhiteElo "1929"]
[BlackElo "1959"]
[Opening "Grünfeld: exchange variation"]
[ECO "D85"]
[NIC "GI.04"]
[Time "11:02:26"]
[PlyCount "89"]
[TimeControl "7200+10"]

1. d4 Nf6 2. c4 g6 3. Nc3 d5 4. cxd5 Nxd5 5. e4 Nxc3 6. bxc3 Bg7 7. Bb5+ c6
8. Ba4 a5 9. Ne2 b5 10. Bc2 O-O 11. O-O b4 12. Bd2 Ba6 13. e5 c5 14. dxc5
Bxe5 15. Be4 Ra7 16. Qe1 bxc3 17. Be3 Rd7 18. Rc1 f5 19. Bc2 f4 20. Bb3+
Kg7 21. Nxf4 Bxf4 22. Qxc3+ Kh6 23. Bxf4+ Rxf4 24. Qe3 g5 25. c6 Bxf1 26.
cxd7 Bb5 27. Qh3+ Kg7 28. Rc8 Qxd7 29. Rg8+ Kf6 30. Qh6+ Ke5 31. Rxg5+ Rf5
32. Qg7+ Kd6 33. Qd4+ Kc7 34. Qa7+ Kc6 35. Qxd7+ Nxd7 36. Rxf5 a4 37. Bc2
h6 38. Rh5 e5 39. Rxh6+ Kc5 40. g4 Kb4 41. g5 Kc3 42. Bd1 Kd2 43. Rd6+ Kc3
44. g6 Kb2 45. g7 { Black resigns } 1-0